 Dungeon Crawl Stone Soup version 0.31-a0-844-gdc52ec4e09 (webtiles) character file.

Game seed: 7723495713555037183

1656 Kurtz the Cleaver (level 9, -1/58 HPs)
             Began as an Octopode Fighter on Oct 1, 2023.
             Slain by a gnoll
             ... wielding a +0 club
              (5 damage)
             ... on level 5 of the Dungeon.
             The game lasted 00:04:48 (6410 turns).

Kurtz the Cleaver (Octopode Fighter)                Turns: 6410, Time: 00:04:48

Health: -1/58      AC:  1    Str: 17    XL:     9   Next: 0%
Magic:  18/18      EV: 15    Int: 10    God:
Gold:   230        SH:  5    Dex: 20    Spells: 8/8 levels left

rFire   . . .        q - +0 hand axe (flame)
rCold   . . .        b - +0 buckler
rNeg    . . .        (helmet restricted)
rPois   .            (no amulet)
rElec   .            l - +6 ring of dexterity
rCorr   .            e - ring of magical power
SInv    .            (no ring)
Will    .....        (no ring)
Stlth   +++          (no ring)
HPRegen 0.29/turn    (no ring)
MPRegen 0.16/turn    (no ring)
                     (no ring)

%: no passive effects
@: no status effects
A: almost no armour, amphibious, 8 rings, camouflage 1, gelatinous body 1,
(nimble swimmer 1), tentacles
a: no special abilities


You were on level 5 of the Dungeon.
You visited 1 branch of the dungeon, and saw 6 of its levels.
You also visited: Sewer.

You collected 230 gold pieces.

Inventory:

Hand Weapons
 a - a +0 war axe
 q - a +0 hand axe of flaming (weapon)
Missiles
 c - 5 javelins
 v - 21 poisoned darts
 w - a curare-tipped dart
Armour
 b - a +0 buckler (worn)
Jewellery
 e - a ring of magical power (right tentacle)
 l - a +6 ring of dexterity (left tentacle)
Scrolls
 g - a scroll of amnesia
 j - a scroll of immolation {unknown}
 k - 2 scrolls of enchant armour
 n - 3 scrolls of teleportation
 o - 2 scrolls of fear {unknown}
 p - a scroll of vulnerability {unknown}
 s - 3 scrolls of butterflies {unknown}
 x - a scroll of fog {unknown}
 y - a scroll of enchant weapon {unknown}
Potions
 d - 2 potions of lignification {unknown}
 f - 3 potions of brilliance {unknown}
 h - 2 potions of magic {unknown}
 i - a potion of mutation {unknown}
 m - 3 potions of degeneration {unknown}
 r - 2 potions of haste {unknown}
 t - 2 potions of might
 u - 2 potions of resistance {unknown}


   Skills:
 * Level 4.3 Fighting
 - Level 10.5 Axes
 * Level 4.0 Dodging
 - Level 3.0 Shields


You had 8 spell levels left.
You didn't know any spells.
Your spell library contained the following spells:

 Spells                   Type           Power      Damage    Failure   Level
 Apportation              Tloc           0%         N/A       43%         1
 Necrotise                Necr           0%         1d4       43%         1
 Summon Small Mammal      Summ           0%         N/A       43%         1
 Lesser Beckoning         Tloc           0%         N/A       58%         2
 Dazzling Flash           Conj/Hex       0%         N/A       82%         3
 Gell's Gravitas          Tloc           0%         N/A       82%         3
 Teleport Other           Tloc           0%         N/A       82%         3
 Brom's Barrelling Bould  Conj/Erth      0%         2d3       99%         4
 Agony                    Necr           0%         N/A       100%        5
 Fireball                 Conj/Fire      0%         3d3       100%        5
 Iskenderun's Battlesphe  Conj           0%         2d6       100%        5
 Silence                  Hex/Air        0%         N/A       100%        5
 Conjure Ball Lightning   Conj/Air       0%         3x3d6     100%        6
 Orb of Destruction       Conj           0%         9d5       100%        7


Dungeon Overview and Level Annotations

Branches:
Dungeon (6/15)              Sewer (visited)
 Temple: D:4-7

Altars:
Hepliaklqana
Trog
Wu Jian

Shops:
D:3 [

Annotations:
D:4 1 runed translucent door, Crazy Yiuf
D:5 1 exclusion


Innate Abilities, Weirdness & Mutations

You cannot wear most types of armour.
You are amphibious.
You can wear up to eight rings at the same time.
Your skin changes colour to match your surroundings (Stealth+).
Your rubbery body absorbs attacks. (AC +1, EV +1)
((You are camouflaged when in or above water. (Stealth+)))
You have tentacles for arms and can constrict up to eight enemies at once.


Message History

The centaur shouts!
The centaur unwields a +0 short sword.
The centaur wields a +0 orcbow.
The centaur shoots an arrow.
The arrow hits you! You block the gnoll's attack.
You hit the gnoll. You burn the gnoll. Your grab misses the gnoll.
You squeeze the gnoll!
You kill the gnoll!
You barely miss the gnoll.
The centaur shoots an arrow.
The arrow barely misses you.
You hit the gnoll. You burn the gnoll. You grab the gnoll.
You squeeze the gnoll.
You kill the gnoll!
The centaur shoots an arrow.
The arrow hits you!
An ogre comes into view. It is wielding a +0 giant spiked club.
The centaur shoots an arrow.
The arrow hits you!!
Your Dodging skill increases to level 4!
You have reached level 9!
Your experience leads to an increase in your attributes!
Your base attributes are Str 15, Int 10, Dex 14.
Increase (S)trength, (I)ntelligence, or (D)exterity?
You feel stronger. x2
The centaur shoots an arrow.
The arrow hits you!
* * * LOW HITPOINT WARNING * * *
You see here a +0 club.
A wight comes into view. It is wielding a +5 great sword.
The gnoll attacks as it pursues you! The gnoll closely misses you.
The gnoll attacks as it pursues you! The gnoll hits you with a +0 club.
* * * LOW HITPOINT WARNING * * *
There is a stone staircase leading up here.
You climb upwards.
Level annotation: 1 exclusion
There is a stone staircase leading down here.
You barely miss the gnoll. You grab the gnoll. You squeeze the gnoll.
The gnoll is lightly wounded.
You constrict the gnoll. The gnoll hits you with a +0 club.
* * * LOW HITPOINT WARNING * * *
You hit the gnoll. You burn the gnoll.
You squeeze the gnoll, but do no damage.
The gnoll is heavily wounded.
You constrict the gnoll. The gnoll hits you with a +0 club.
You die...

#.#.....##....##># #.###
#.##........<.##.# #....
#.##....##....##.####...#
#.##....##.#.###........#
#.####..##.#.# #..###....
#.# #..##.#.###..#####.#
#.# #...................
#.####..g....#.###.####.#
#.......@..#...# #......#
######.#######.###.######
#..(.........##
##############


You could see a gnoll.

Vanquished Creatures
  A black bear (D:6)
  An ice beast (D:5)
  A centaur (D:5)
  2 ogres
  A phantom (D:4)
  3 kobold brigands (Sewer)
  2 scorpions
  A vampire bat (D:3)
  A howler monkey (D:4)
  4 hounds
  2 jellies (D:5)
  2 sleepcaps (D:5)
  3 iguanas
  An orc wizard (D:5)
  9 gnolls
  13 adders
  2 river rats (Sewer)
  A white imp (D:4)
  An ufetubus (D:6)
  A dart slug (D:3)
  3 fire bats (D:3)
  16 orcs
  2 spectral bats (D:3)
  3 ball pythons (Sewer)
  3 bat skeletons (D:3)
  A bat zombie (D:3)
  An endoplasm (D:2)
  6 giant cockroaches
  7 goblins
  5 hobgoblins
  6 jackals (Sewer)
  9 kobolds
  7 quokkas
  11 bats
  A bat simulacrum (D:3)
  5 frilled lizards
  6 rats
144 creatures vanquished.

Notes
Turn   | Place    | Note
-------+----------+-------------------------------------------
     0 | D:1      | Kurtz the Octopode Fighter began the quest for the Orb.
     0 | D:1      | Reached XP level 1. HP: 16/16 MP: 1/1
   375 | D:1      | Found a faded altar of an unknown god.
   426 | D:1      | Reached XP level 2. HP: 15/21 MP: 2/2
   538 | D:2      | Reached skill level 3 in Axes
  1084 | D:2      | Reached XP level 3. HP: 26/26 MP: 3/3
  1257 | D:3      | Reached skill level 4 in Axes
  1257 | D:3      | Reached XP level 4. HP: 31/31 MP: 4/4
  1612 | D:3      | Reached skill level 5 in Axes
  1612 | D:3      | Reached XP level 5. HP: 36/36 MP: 5/5
  2042 | D:3      | Found Duneucko's Armour Emporium.
  2057 | D:3      | Reached skill level 6 in Axes
  2068 | D:3      | Reached XP level 6. HP: 41/42 MP: 6/6
  2390 | D:4      | Identified the scarf of Ujaoll {repulsion, rPois rN+}
  2668 | D:4      | Found an ornate altar of the Wu Jian Council.
  3154 | D:4      | Reached skill level 7 in Axes
  3161 | D:4      | Reached XP level 7. HP: 40/46 MP: 7/7
  3722 | D:4      | Found a runed translucent door.
  3722 | D:4      | Noticed Crazy Yiuf
  3872 | D:4      | Reached skill level 8 in Axes
  3973 | D:5      | Entered Level 5 of the Dungeon
  4324 | D:5      | Reached skill level 9 in Axes
  4324 | D:5      | Reached XP level 8. HP: 8/52 MP: 8/8
  4583 | D:5      | Found a hazy altar of Hepliaklqana.
  4588 | D:5      | Found a bloodstained altar of Trog.
  5221 | D:5      | Reached skill level 10 in Axes
  5375 | D:5      | Noticed a hornet
  5584 | D:6      | Found a glowing drain.
  5617 | Sewer    | Entered a sewer
  6393 | D:6      | Reached XP level 9. HP: 19/58 MP: 9/9
  6410 | D:5      | Slain by a gnoll

Illustrated notes

Levels and vault maps discovered:
D:1:      eino_arrival_cavern_a, layout_loops_corners, serial_shops,
          nicolae_shop_stone, hellmonk_ecumenical_altar_inner_sanctum
D:2:      layout_loops_corners, palyth_stone_intersect
D:3:      layout_loops_ring, serial_shops, nicolae_shop_waterfront,
          amcnicky_mini_pool_small, grunt_decor_one_mirror, goddamned_bats
D:4:      layout_layer_cave, mainiacjoe_overflow_alcove_4,
          uniq_crazy_yiuf_cottage
D:5:      minmay_chambers_of_fours, layout_loops_ring,
          grunt_temple_overflow_open
D:6:      layout_loops_ring, ashenzari_altar_1, mainiacjoe_overflow_24_doors,
          portal_sewer_entry_f

Skill      XL: |  1  2  3  4  5  6  7  8 |
---------------+-------------------------+-----
Axes           | 3 4 5 6 7 9 10 | 10.5
Fighting       | 4 |  4.3
Dodging        | 4 |  4.0
Shields        | |  3.0

Action                     |  1- 3 |  4- 6 |  7- 9 || total
---------------------------+-------+-------+-------++-------
  Melee: War axe           |    34 |    79 |   104 ||   217
         Constrict         |    11 |    21 |    49 ||    81
         Tentacles         |     8 |     9 |    54 ||    71
         Punch             |       |     1 |     4 ||     5
         Hand axe          |       |       |    85 ||    85
    Use: Potion            |       |     2 |     5 ||     7
         Scroll            |       |       |     3 ||     3
   Stab: Sleeping          |     6 |    10 |     9 ||    25
 Armour: Skin              |     9 |    50 |    79 ||   138
  Dodge: Dodged            |    14 |    82 |    75 ||   171
  Block: Buckler           |     6 |    31 |    41 ||    78

Table legend: (Time is in decaauts)
 A = Elapsed time spent in this place.
 B = Non-inter-level travel time spent in this place.
 C = Inter-level travel time spent in this place.
 D = Time resting spent in this place.
 E = Time spent auto-exploring this place.
 F = Levels seen in this place.
 G = Mean time per level.
                   A        B        C        D        E       F      G
               +--------+--------+--------+--------+--------+-----+--------+
         Total |   6441 |   6299 |    142 |   1446 |   3872 |   7 |  920.1 |
       Dungeon |   5797 |   5655 |    142 |   1446 |   3412 |   6 |  966.2 |
         Sewer |    643 |    643 |      0 |      0 |    460 |   1 |  643.0 |
               +--------+--------+--------+--------+--------+-----+--------+

Top non-repeatable levels by time:
     D:4: 1875 daAuts
     D:5: 1497 daAuts
     D:3: 1000 daAuts
     D:2: 731 daAuts
   Sewer: 643 daAuts
     D:1: 483 daAuts
     D:6: 209 daAuts
